Map: Catalyst LE

Players

Maplez - Winner!

  • Race: Protoss Protoss
  • League: Grandmaster
  • Spawn Location: 5:00

Puppypaws

  • Race: Zerg Zerg
  • League: Grandmaster
  • Spawn Location: 11:00

VOD

Have the link to the VOD?

Description

Time

  • Played on: April 16, 2018, 4:22 p.m.
  • Length: 9:47
Show
View Real Time Build Order
Export as new Build Order

Maplez Protoss - Winner!

Build Orders: 1 Gate Expand, Oracle Opening, Phoenix Opening, Zealot Archon 

Get SALT Encoding   

  12  0:00  Probe  
  13  0:12  Probe  
  14  0:18  Pylon  
  14  0:24  Probe (Chrono Boost)  
  15  0:37  Probe (Chrono Boost)  
  15  0:38  Gateway  
  16  0:45  Probe (Chrono Boost)  
  16  0:47  Assimilator  
  17  0:51  Probe  
  18  1:03  Probe  
  19  1:15  Probe  
  20  1:24  Nexus  
  20  1:27  Probe  
  21  1:36  Cybernetics Core  
  21  1:40  Probe  
  21  1:45  Assimilator  
  22  1:51  Pylon  
  22  1:54  Probe  
  23  2:09  Probe  
  23  2:11  Adept (Chrono Boost)  
  26  2:21  Stargate, Probe  
  27  2:29  Warp Gate  
  27  2:34  Pylon  
  27  2:35  Adept (Chrono Boost)  
  30  2:38  Probe (Chrono Boost)  
  30  2:40  Probe (Chrono Boost)  
  31  2:49  Probe (Chrono Boost)  
  31  2:51  Probe (Chrono Boost)  
  33  2:54  Probe (Chrono Boost)  
  34  2:59  Probe  
  34  3:01  Adept  
  34  3:05  Oracle (Chrono Boost)  
  37  3:06  Probe  
  37  3:11  Probe  
  42  3:15  Gateway  
  42  3:18  Probe  
  43  3:22  Pylon  
  43  3:23  Probe  
  44  3:30  Probe  
  45  3:35  Probe  
  45  3:40  Adept  
  48  3:41  Assimilator  
  48  3:42  Probe  
  48  3:43  Assimilator  
  48  3:47  Robotics Facility  
  49  3:50  Phoenix (Chrono Boost)  
  49  3:53  Probe  
  52  3:59  Pylon  
  52  4:02  Probe  
  53  4:10  Shield Battery  
  53  4:15  Probe, Twilight Council  
  54  4:24  Gateway x2  
  54  4:27  Probe  
  55  4:31  Warp Prism (Chrono Boost)  
  57  4:39  Probe  
  57  4:42  Probe  
  57  4:45  Pylon  
  59  4:46  Pylon  
  59  4:47  Charge (Chrono Boost)  
  59  4:51  Sentry  
  61  4:55  Templar Archives  
  61  5:05  Pylon  
  61  5:06  Pylon  
  61  5:08  Observer  
  62  5:17  Gateway  
  62  5:19  Gateway  
  62  5:31  Nexus  
  62  5:40  Pylon  
  62  5:42  High Templar x3  
  66  5:47  High Templar, Archon  
  70  5:51  Archon  
  70  5:55  Immortal (Chrono Boost)  
  74  6:00  Shield Battery  
  74  6:03  Shield Battery  
  74  6:05  Probe  
  74  6:09  Probe  
  76  6:17  Probe  
  77  6:21  Probe  
  78  6:26  Immortal (Chrono Boost), Pylon  
  78  6:29  Probe  
  78  6:31  Pylon  
  83  6:33  Probe  
  84  6:41  Robotics Facility  
  84  6:43  Probe  
  84  6:47  Zealot x5  
  89  6:54  Forge  
  95  7:02  Immortal (Chrono Boost)  
  95  7:06  Probe x3  
  95  7:08  Assimilator  
  102  7:14  Assimilator  
  102  7:18  Probe x2  
  104  7:26  Zealot x3  
  104  7:27  Zealot x3  
  112  7:42  Immortal (Chrono Boost)  
  112  7:43  Immortal (Chrono Boost)  
  110  7:46  Protoss Ground Weapons Level 1 (Chrono Boost)  
  114  7:52  Blink (Chrono Boost)  
  114  7:56  Photon Cannon  
  104  8:09  Stalker x4  
  112  8:13  Stalker x2  
  116  8:40  Stalker  
  116  8:41  Stalker x5  
  114  8:49  Zealot x4  
  114  8:51  Immortal  
  114  8:52  Immortal  
  120  9:11  Nexus  
  120  9:14  Pylon  
  118  9:18  Zealot  
  118  9:19  Zealot x5  
  126  9:41  Zealot x5  
  126  9:42  Zealot  
  136  9:46  Photon Cannon  
  136  9:47  Photon Cannon x2  
Show
View Real Time Build Order
Export as new Build Order

Puppypaws Zerg 

Build Orders: Hatch First 

Get SALT Encoding   

  12  0:01  Drone  
  13  0:12  Overlord  
  13  0:17  Drone  
  14  0:30  Drone x2  
  14  0:34  Drone  
  17  0:52  Hatchery  
  17  0:56  Drone  
  17  0:58  Drone  
  17  1:00  Extractor  
  17  1:15  Spawning Pool  
  17  1:18  Drone  
  17  1:23  Drone  
  18  1:32  Drone  
  19  1:40  Drone  
  20  1:55  Drone  
  20  2:00  Overlord  
  21  2:04  Queen  
  21  2:05  Queen  
  21  2:08  Metabolic Boost  
  25  2:14  Zergling x2, Drone  
  27  2:18  Drone  
  28  2:36  Drone x3  
  31  2:40  Drone  
  32  2:47  Zergling x2  
  32  2:48  Queen  
  34  3:00  Overlord, Zergling x2  
  34  3:01  Drone  
  35  3:16  Overlord  
  35  3:19  Drone x7  
  41  3:33  Overlord  
  41  3:34  Zergling x4  
  41  3:37  Extractor  
  41  3:40  Extractor, Drone  
  41  3:46  Overlord  
  41  3:47  Zergling x4  
  43  3:51  Roach Warren, Spore Crawler  
  43  3:52  Spore Crawler  
  43  3:53  Drone x2  
  42  3:58  Drone x3  
  42  3:59  Drone  
  41  4:12  Drone x3  
  44  4:20  Drone  
  44  4:24  Drone  
  46  4:29  Hatchery  
  45  4:36  Overlord  
  45  4:37  Drone x2  
  45  4:38  Drone x3  
  50  4:41  Lair  
  50  4:47  Drone x2  
  52  4:54  Overlord  
  52  5:02  Overlord x2  
  52  5:04  Roach x3  
  58  5:16  Overlord  
  58  5:20  Drone x3  
  61  5:25  Drone  
  62  5:31  Overlord  
  62  5:36  Roach  
  62  5:37  Roach x4  
  72  5:48  Glial Reconstitution  
  72  5:49  Extractor  
  73  5:50  Evolution Chamber  
  73  5:55  Overlord  
  73  5:56  Drone x3  
  73  5:57  Drone x2  
  74  6:02  Drone x4  
  78  6:09  Spire  
  77  6:12  Queen  
  71  6:31  Extractor  
  71  6:32  Extractor, Drone x10  
  79  6:37  Ravager  
  80  6:40  Drone x4  
  84  6:48  Drone  
  84  6:49  Drone  
  84  6:52  Drone  
  87  6:55  Drone  
  87  6:58  Drone  
  89  7:02  Overlord  
  89  7:19  Overlord  
  89  7:21  Mutalisk x4  
  89  7:22  Mutalisk x6  
  104  7:35  Roach x3  
  101  7:41  Mutalisk  
  101  7:42  Roach  
  95  7:50  Roach x5  
  96  8:02  Drone x3  
  96  8:03  Queen  
  97  8:09  Hydralisk Den  
  97  8:10  Drone x3  
  90  8:30  Roach x8  
  94  8:54  Hydralisk x8  
  92  9:04  Hydralisk x3  
  88  9:11  Hydralisk x3  
  86  9:18  Roach x3  
  91  9:25  Roach  
  91  9:26  Roach x3  
Tags
 
Add a new tag
Caveats
  • Supply blocks, unpowered buildings, or Contaminate may cause inaccurate times.
  • Supply counts are checked every 10 seconds.